AoeStats
← eNZo STaR

MegaRandom

509131323Analyzed
4v4 RM · 5d ago on Sep 25, 2026· 47m 26s· 8 players
Game mode
Random Map
Map size
Large (8 player)
Population
200
Speed
Normal
Resources
Standard
Victory
Conquest
Starting age
Dark Age
Ending age
Imperial Age
RankedLock teamsTeams togetherTeam positionsShared explorationLock speedFull tech treeHidden civsTurbo modeCheats
Victory
Defeat
🇪🇸 Lithuanians · Spain
1209
+15
🇪🇸 Varangians · Spain
1191
+15
🇪🇸 Dravidians · Spain
1176
+16
🇪🇸 Gurjaras · Spain
1129
+17
🇮🇳 Varangians · India
1186
-16
🇹🇼 Persians · Taiwan
1184
-16
🇺🇸 Dravidians · United States
1184
-16
🇺🇸 Vikings · United States
1159
-15
Kunal
4:26 Loom
9:35 Feudal Age
10:05 Double-Bit Axe
10:39 Horse Collar
15:42 Bloodlines
22:11 Castle Age
20:34 Forging
20:30 Scale Barding Armor
22:06 Gold Mining
22:23 Light Cavalry
23:41 Iron Casting
26:02 Husbandry
26:40 Bow Saw
27:08 Chain Barding Armor
37:42 Imperial Age
35:38 Heavy Plow
38:09 Wheelbarrow
37:56 Cavalier
TTAITAI
10:10 Feudal Age
10:24 Loom
10:29 Double-Bit Axe
16:17 Scale Barding Armor
18:37 Castle Age
16:58 Bloodlines
17:30 Forging
17:13 Horse Collar
19:32 Bow Saw
19:26 Husbandry
22:48 Heavy Plow
26:39 Chain Barding Armor
26:54 Iron Casting
28:17 Wheelbarrow
33:07 Imperial Age
31:38 Hand Cart
34:45 Two-Man Saw
34:18 Crop Rotation
34:27 Plate Barding Armor
34:53 Blast Furnace
34:40 Cavalier
35:32 Guilds
36:13 Conscription
36:38 Savar
46:28 Town Watch
BittenDork
2:17 Loom
11:34 Feudal Age
11:50 Man-at-Arms
15:54 Double-Bit Axe
23:27 Castle Age
22:31 Fletching
23:42 Crossbowman
25:53 Bow Saw
25:59 Bodkin Arrow
25:55 Elite Skirmisher
26:54 Padded Archer Armor
37:53 Leather Archer Armor
49:21 Imperial Age
47:39 Scale Mail Armor
47:20 Long Swordsman
THEREAPER
9:16 Loom
11:46 Feudal Age
15:56 Castle Age
13:48 Double-Bit Axe
15:13 Horse Collar
17:19 Bow Saw
17:59 Gold Mining
22:20 Fletching
22:38 Heavy Plow
24:33 Wheelbarrow
26:44 Bodkin Arrow
28:29 Padded Archer Armor
30:16 Leather Archer Armor
31:00 Thumb Ring
33:17 Hand Cart
32:48 Town Watch
33:41 Stone Mining
36:33 Imperial Age
36:38 Elite Elephant Archer
37:22 Bracer
37:53 Ring Archer Armor
38:26 Chemistry
37:58 Husbandry
Txuko
7:01 Loom
9:36 Feudal Age
10:15 Double-Bit Axe
20:02 Castle Age
18:54 Gold Mining
18:48 Horse Collar
19:35 Bloodlines
20:12 Scale Barding Armor
20:49 Husbandry
23:23 Forging
26:18 Wheelbarrow
25:42 Stone Mining
28:26 Iron Casting
30:01 Chain Barding Armor
36:04 Imperial Age
33:21 Town Watch
36:15 Hand Cart
35:54 Fletching
36:05 Cavalier
37:24 Plate Barding Armor
37:31 Conscription
39:40 Blast Furnace
40:17 Chemistry
40:52 Bow Saw
40:45 Heavy Plow
40:16 Vendel Legacy
43:10 Bodkin Arrow
43:15 Padded Archer Armor
43:39 Ballistics
43:31 Elite Skirmisher
44:25 Bracer
44:33 Onager
45:23 Siege Engineers
eNZo STaR
5:48 Loom
9:14 Feudal Age
9:57 Double-Bit Axe
9:55 Horse Collar
15:05 Forging
16:22 Wheelbarrow
18:39 Castle Age
18:08 Scale Barding Armor
18:21 Bloodlines
20:30 Forging
25:57 Iron Casting
27:19 Chain Barding Armor
27:21 Husbandry
28:08 Fletching
30:46 Town Watch
34:42 Imperial Age
32:31 Hand Cart
32:01 Town Watch
34:10 Bodkin Arrow
35:33 Cavalier
37:31 Heavy Plow
37:47 Bow Saw
38:44 Plate Barding Armor
39:44 Paladin
40:51 Town Patrol
42:00 Bracer
Asdellop
7:45 Loom
11:12 Feudal Age
15:01 Castle Age
12:58 Double-Bit Axe
14:39 Forging
15:30 Scale Barding Armor
17:46 Horse Collar
23:34 Fervor
23:49 Chain Barding Armor
23:53 Husbandry
27:52 Wheelbarrow
27:55 Bow Saw
27:36 Gold Mining
28:00 Bloodlines
29:34 Iron Casting
35:38 Imperial Age
33:10 Fletching
34:29 Kshatriyas
33:50 Light Cavalry
35:42 Heavy Camel Rider
36:59 Plate Barding Armor
37:46 Conscription
37:15 Hussar
40:08 Chemistry
40:52 Frontier Guards
41:51 Bodkin Arrow
44:00 Masonry
44:59 Bracer
David Di Vaio
9:02 Loom
12:18 Feudal Age
13:35 Loom
16:17 Castle Age
14:19 Fletching
14:29 Padded Archer Armor
16:14 Padded Archer Armor
19:55 Double-Bit Axe
22:00 Wheelbarrow
21:51 Horse Collar
22:35 Bodkin Arrow
23:52 Leather Archer Armor
24:23 Heavy Plow
25:06 Gold Mining
26:59 Town Watch
28:31 Thumb Ring
30:57 Bow Saw
35:20 Hand Cart
41:04 Imperial Age
41:46 Ballistics
41:27 Elite Elephant Archer
42:44 Forging
42:35 Scale Mail Armor
42:02 Pikeman
42:28 Gambesons
42:49 Halberdier
43:29 Squires
44:08 Iron Casting
45:02 Chain Mail Armor
46:35 Blast Furnace
Connection lost

Rejoining the realm…

Still unreachable

The connection could not be restored.

Session expired

The server has moved on; the page needs a fresh start.